 Dungeon Crawl Stone Soup version 0.24-a0-375-g4de66ed42b (console) character file.

Game seed: 17930258399444842324

301 Lexodia the Ruffian (level 6, -6/61 HPs)
             Began as a Troll Fighter on May 31, 2019.
             Was an Initiate of Okawaru.
             Mangled by an ogre
             ... wielding a +0 giant spiked club
              (22 damage)
             ... on level 4 of the Dungeon.
             The game lasted 00:05:32 (2240 turns).

Lexodia the Ruffian (Troll Fighter)                 Turns: 2240, Time: 00:05:33

Health: -6/61      AC:  6    Str: 26    XL:     6   Next: 14%
Magic:  5/5        EV:  8    Int:  4    God:    Okawaru [......]
Gold:   186        SH:  9    Dex: 10    Spells: 5/5 levels left

rFire    . . .     SeeInvis .     - Unarmed
rCold    . . .     Gourm    +   b - +0 shield
rNeg     . . .     Faith    .   a - +0 robe
rPois    .         Spirit   .   (helmet restricted)
rElec    .         Reflect  .   (no cloak)
rCorr    .         Harm     .   (gloves unavailable)
MR       +....                  (boots unavailable)
Stlth    +.........             (no amulet)
HPRegen  0.60/turn              f - ring of protection from magic
MPRegen  0.09/turn              o - ring of wizardry

@: no status effects
A: large, unfitting armour, claws 3, fast metabolism 3, gourmand, regeneration
1, shaggy fur 1, tough skin 3
a: Renounce Religion


You were on level 4 of the Dungeon.
You worshipped Okawaru.
Okawaru was noncommittal.
You were very full.

You visited 2 branches of the dungeon, and saw 5 of its levels.

You collected 186 gold pieces.

Inventory:

Missiles
 h - 82 stones (quivered)
 i - 2 large rocks
Armour
 a - a +0 robe (worn)
 b - a +0 shield (worn)
Jewellery
 f - a ring of protection from magic (left claw)
 o - a ring of wizardry (right claw)
Wands
 r - a wand of enslavement (6)
Scrolls
 k - 5 scrolls of remove curse
 q - a scroll of noise
Potions
 c - 2 potions of might
 e - a potion of haste
 m - 2 potions of flight
 n - a potion of resistance {unknown}
 s - a potion of heal wounds {unknown}
 u - 2 potions of curing
Comestibles
 d - 11 rations


   Skills:
 - Level 3.0 Fighting
 + Level 2.4 Throwing
 - Level 1.0 Armour
 - Level 3.0 Dodging
 - Level 1.0 Stealth
 - Level 3.0 Shields
 + Level 3.4 Unarmed Combat


You had 5 spell levels left.
You didn't know any spells.
Your spell library was empty.

Dungeon Overview and Level Annotations

Branches:
Dungeon (4/15)             Temple (1/1) D:4

Altars:
Ashenzari
Elyvilon
Gozag
Hepliaklqana
Kikubaaqudgha
Okawaru
Qazlal
Trog
Uskayaw
Vehumet
Wu Jian
Yredelemnul
The Shining One


Innate Abilities, Weirdness & Mutations

You are too large for most types of armour.
You have claws for hands.
Your metabolism is lightning-fast.
You like to eat raw meat.
Your natural rate of healing is unusually fast.
You are covered in fur. (AC +1)
You have extremely tough skin. (AC +3)


Message History

The ogre is moderately wounded.
You closely miss the ogre.
The ogre is moderately wounded.
The ogre hits you with a +0 giant spiked club.
Damage: -4%(-3hp) hp: 96%(58hp)
You claw the ogre!
The ogre is severely wounded.
The ogre hits you with a +0 giant spiked club!!
Huge Dmg: -30%(-18hp) hp: 66%(40hp)
You completely miss the ogre.
The ogre is severely wounded.
You scratch the ogre.
The ogre is almost dead.
The ogre hits you with a +0 giant spiked club!!
* * * LOW HITPOINT WARNING * * *
Huge Dmg: -41%(-25hp) hp: 25%(15hp)
You barely miss the ogre.
The ogre is almost dead.
The ogre hits you with a +0 giant spiked club!!
You die...

#.....# ..
#.....## ###..
######.##.....
#....# #.#..#
##<..# #...#
.#. #...#.....
#.@....#
#O#.####
#...$# ......#
.......#
..........
....... .#
....... .#


You could see an ogre.

Vanquished Creatures
  An ogre (D:3)
  An orc priest (D:3)
  A worker ant (D:4)
  A worker ant zombie (D:4)
  6 adders
  An ooze (D:2)
  3 worms
  A dart slug (D:3)
  2 leopard geckos
  8 orcs (D:3)
  A ball python (D:3)
  7 bats
  3 giant cockroaches
  6 hobgoblins
  5 jackals
  2 frilled lizards
  6 goblins
  3 kobolds
  A leopard gecko skeleton (D:3)
  A quokka skeleton (D:4)
  9 rats
69 creatures vanquished.

Notes
Turn   | Place    | Note
-------+----------+-------------------------------------------
     0 | D:1      | Lexodia the Troll Fighter began the quest for the Orb.
     0 | D:1      | Reached XP level 1. HP: 22/22 MP: 0/0
    76 | D:1      | Reached XP level 2. HP: 29/29 MP: 1/1
   602 | D:2      | Reached skill level 1 in Throwing
   602 | D:2      | Reached XP level 3. HP: 31/36 MP: 2/2
   824 | D:2      | Huge Dmg: 9 dmg
   853 | D:2      | Reached XP level 4. HP: 39/44 MP: 3/3
  1148 | D:3      | Noticed an ogre
  1156 | D:3      | Huge Dmg: 9 dmg
  1157 | D:3      | Reached skill level 1 in Armour
  1159 | D:3      | Huge Dmg: 10 dmg
  1162 | D:3      | Huge Dmg: 18 dmg
  1163 | D:3      | Killed an ogre
  1163 | D:3      | Reached XP level 5. HP: 4/53 MP: 4/4
  1370 | D:3      | Reached skill level 1 in Stealth
  1987 | D:4      | Found a stormy altar of Qazlal.
  2003 | D:4      | Found a staircase to the Ecumenical Temple.
  2019 | D:4      | Reached XP level 6. HP: 44/61 MP: 5/5
  2028 | Temple   | Entered the Ecumenical Temple
  2100 | Temple   | Became a worshipper of Warmaster Okawaru
  2131 | D:4      | Huge Dmg: 22 dmg
  2183 | D:4      | Found a radiant altar of Vehumet.
  2238 | D:4      | Huge Dmg: 18 dmg
  2240 | D:4      | Huge Dmg: 25 dmg
  2240 | D:4      | Mangled by an ogre

Levels and vault maps discovered:
D:1:      dpeg_arrival_shelter, layout_loops_cross
D:2:      layout_basic
D:3:      layout_loops_ring, first_ration, nrook_mini_backslash
D:4:      mumra_celtic_spiral_tile, layout_basic, old_standard_altar,
          nicolae_qazlal_general_emergency, minmay_temple_entry_glass,
          nicolae_ossuary_entry_catacombs, ebering_ghost_reflecting_pool,
          lemuel_altar_in_water, uniq_blork_the_orc
Temple:   eino_temple_scatter_basement

Skill      XL: |  1  2  3  4  5 |
---------------+----------------+-----
Throwing       | 1 2 |  2.4
Armour         | 1 |  1.0
Fighting       | 3 |  3.0
Dodging        | 3 |  3.0
Stealth        | 1 |  1.0
Shields        | 3 |  3.0
Unarmed Combat | 3 |  3.4

Action                   |  1- 3 |  4- 6 || total
-------------------------+-------+-------++-------
Melee: Unarmed           |    93 |   105 ||   198
Throw: Stone             |       |    15 ||    15
  Use: Scroll            |       |    10 ||    10
  Eat: Chunk             |    13 |    11 ||    24
Armor: Robe              |    41 |    35 ||    76
Dodge: Dodged            |    25 |    34 ||    59
Block: Shield            |    42 |    42 ||    84

Table legend:
 A = Non-vault XP
 B = Vault XP
 C = Vault XP percentage of total XP
 D = Non-vault monster count
 E = Vault monster count
 F = Vault count percentage of total count
                 A         B        C        D         E       F
            +---------+---------+-------+---------+---------+-------
      Total |     430 |       0 |   0.0 |      69 |       0 |   0.0
            +---------+---------+-------+---------+---------+-------
        D:1 |      34 |       0 |   0.0 |      20 |       0 |   0.0
        D:2 |      72 |       0 |   0.0 |      15 |       0 |   0.0
        D:3 |     253 |       0 |   0.0 |      29 |       0 |   0.0
        D:4 |      71 |       0 |   0.0 |       5 |       0 |   0.0
            +---------+---------+-------+---------+---------+-------
